Cogmind - Beta 16 @@@ ROGUE MODE // 2026.01.02 @ 16:24:52 Player: JustDragon Result: Self-destructed Performance ------------- Evolutions (1) 500 Regions Visited (2) 400 Robots Destroyed (15) 75 Value Destroyed (518) 518 Prototype IDs (2) 40 Alien Tech Used (0) 0 Bonus (0) 0 TOTAL SCORE: 1533 Bonus ------- None Cogmind --------- Core Integrity 96/400 Matter 300/300 Energy 100/100 System Corruption 0% Temperature Cool (0) Movement Core (100) Ox1 Location -9/Materials Parts ------- > --- POWER (1) -------- (None) > --- PROPULSION (3) --- (None) > --- UTILITY (3) ------ Small Storage Unit > --- WEAPON (2) ------- (None) > --- INVENTORY (8) ---- Light Treads Peak State ------------ > --- POWER ------------ Ion Engine > --- PROPULSION ------- Light Treads Light Treads > --- UTILITY ---------- Small Storage Unit Terrain Scanner > --- WEAPON ----------- Light Assault Rifle Light Assault Rifle > --- INVENTORY -------- Light Treads Light Assault Rifle Grenade Launcher [Rating: 7] Favorites ----------- Power Ion Engine Engine Ion Engine Power Core Light Nuclear Core Propulsion Light Treads Treads Light Treads Utility Small Storage Unit Device Terrain Scanner Storage Small Storage Unit Protection Light Armor Plating Weapon Light Assault Rifle Energy Gun Beam Rifle Ballistic Gun Light Assault Rifle Launcher Grenade Launcher Build | -11 -10 -9 ------- Run | Yrd Mat Mat Slots Evolved 2 | . . 2 Power . | . . . Propulsion 1 | . . 1 Utility 1 | . . 1 Weapon . | . . . Parts Attached 16 | 6 4 6 Power 3 | 1 1 1 Engine 2 | 1 1 . Core 1 | . . 1 Reactor . | . . . Propulsion 4 | 2 1 1 Treads 4 | 2 1 1 Leg . | . . . Wheel . | . . . Hover . | . . . Flight . | . . . Utility 3 | 1 1 1 Device 1 | . 1 . Storage 1 | 1 . . Processor . | . . . Hackware . | . . . Protection 1 | . . 1 Artifact . | . . . Weapon 6 | 2 1 3 Energy Gun 1 | . . 1 Energy Cannon . | . . . Ballistic Gun 4 | 2 1 1 Ballistic Cannon . | . . . Launcher 1 | . . 1 Special Weapon . | . . . Impact Weapon . | . . . Slashing Weapon . | . . . Piercing Weapon . | . . . Special Melee Weapon . | . . . Unidentified Prototypes . | . . . Parts Lost 14 | . 4 10 Power 2 | . 1 1 Propulsion 4 | . 2 2 Utility 2 | . . 2 Weapon 6 | . 1 5 Highest Loss Streak 7 | . 4 7 To Critical Strikes . | . . . Average Backups 1 | . 2 . Power . | . . . Propulsion . | . . . Utility . | . . . Weapon . | . 1 . Tool/Special . | . . . Unused Backups 1 | . . 1 Power . | . . . Propulsion 1 | . . 1 Utility . | . . . Weapon . | . . . Tool/Special . | . . . Average Slot Usage (%) 74 | . 84 60 Engine 10 | . 12 7 Treads 18 | . 22 11 Device 6 | . 7 3 Storage 12 | . 14 11 Protection 3 | . . 7 Ballistic Gun 22 | . 26 16 Peak Build Rating 7 | 6 7 7 Average Rating 5 | 5 5 5 On Entrance 4 | . 6 6 Avg Prop Armor Cover (%) . | . . . Naked Turns . | . . . Heaviest Build 16 | 12 13 16 Greatest Support 40 | 40 40 40 Greatest Overweight (x) 4 | 3 2 4 Average Overweight (x) . | . . . Largest Inventory Capacity 8 | 8 8 8 Average Capacity 7 | 7 8 8 Most Carried 5 | 5 5 2 Average Carried 1 | . 2 . Final Capacity 8 | 8 8 8 Final Carried 2 | . 2 1 Class Distribution -------------------- 100% | Mutant Dominant Class ---------------- Mutant | -10/Materials Mutant | -9/Materials Resources | -11 -10 -9 ----------- Run | Yrd Mat Mat Matter Collected 460 | 240 64 156 Remotely . | . . . Salvage Created 570 | . 224 346 Parts 39 | . 17 22 Haulers Intercepted . | . . . Recyclers Shooed . | . . . Parts Field Recycled . | . . . Retrieved Matter . | . . . Parts Self-Destructed . | . . . Prevented . | . . . Parts Restored . | . . . Kills | -11 -10 -9 ------- Run | Yrd Mat Mat Combat Hostiles Destroyed 14 | . 6 8 Guns 13 | . 6 7 AOE 1 | . . 1 Classes Destroyed 5 | . 2 3 Builder 1 | . . 1 Swarmer 1 | . 1 . Grunt 10 | . 5 5 Duelist 1 | . . 1 Sentry 2 | . . 2 Best Kill Streak 7 | . 2 7 Combat Bots Only 6 | . 2 6 Max Kills in Single Turn 2 | . 1 2 Gunslinging . | . . . Exploded 1 | . . 1 Melee . | . . . Uniques/NPCs Destroyed . | . . . Combat | -11 -10 -9 -------- Run | Yrd Mat Mat Hostile Shots Fired 207 | . 87 120 Missed 54 | . 22 32 Hits 153 | . 65 88 Melee 5 | . . 5 Projectile 148 | . 65 83 Critical Strikes 7 | . . 7 Damage Taken 1906 | . 702 1204 Core 480 | . 176 304 Absorbed by Shields . | . . . Core Remaining (%) 64 | 100 29 . Volleys Fired 64 | . 32 32 Largest 2 | . 2 2 Hottest 56 | . 40 56 Shots Fired 101 | . 54 47 Gun 97 | . 54 43 Cannon . | . . . Launcher 4 | . . 4 Special . | . . . Kinetic 95 | . 54 41 Thermal 2 | . . 2 Explosive 4 | . . 4 Electromagnetic . | . . . Robot Hit Streak 17 | . 6 17 Robot Miss Streak 5 | . 5 2 Penetration Max . | . . . Secondary Targets 2 | . . 2 Max Gunslinging Chain 1 | . . 1 Shots Hit Robots 62 | . 26 36 Core Hits 32 | . 11 21 Critical Kills . | . . . Critical Parts Destroyed . | . . . Critical Strikes . | . . . Melee Attacks . | . . . Impact . | . . . Slashing . | . . . Piercing . | . . . Sneak Attacks . | . . . Combat Hostiles . | . . . Follow-up Attacks . | . . . Damage Inflicted 771 | . 236 535 Guns 622 | . 236 386 Cannons . | . . . Explosions 149 | . . 149 Melee . | . . . Ramming . | . . . Kinetic 592 | . 236 356 Thermal 30 | . . 30 Explosive 149 | . . 149 Electromagnetic . | . . . Impact . | . . . Slashing . | . . . Piercing . | . . . Highest Corruption . | . . . Average Corruption . | . . . Corruption Purged . | . . . Corruption Blocked . | . . . Overload Shots . | . . . Overflow Damage . | . . . Projectiles . | . . . Explosions . | . . . Melee . | . . . Knockbacks . | . . . Impact . | . . . Kinetic . | . . . Secondary . | . . . Self-Inflicted Damage 30 | . . 30 Shots 1 | . . 1 Rammed . | . . . Targets Rammed . | . . . Kicked . | . . . Crushed . | . . . Highest Temperature 54 | . 22 54 Average Temperature 16 | . 7 21 Received Heat Transfer 882 | . 306 576 Siege Activations . | . . . Martial Activations . | . . . Shielding Activations . | . . . Robots Disrupted . | . . . Combat Hostiles . | . . . Robots Corrupted . | . . . Combat Hostiles . | . . . Parts Fried . | . . . Impact Corruptions . | . . . Robots Melted . | . . . Combat Hostiles . | . . . Parts Melted . | . . . Heat Transferred 74 | . . 74 Parts Sabotaged . | . . . Parts Stolen . | . . . Parts Stripped . | . . . Power Chain Reactions . | . . . Alert | -11 -10 -9 ------- Run | Yrd Mat Mat Maximum Alert Level . | . . . Low Security (%) 100 | 100 100 100 Level 1 . | . . . Level 2 . | . . . Level 3 . | . . . Level 4 . | . . . Level 5 . | . . . High Security . | . . . Max Security . | . . . Peak Influence 76 | . 55 76 Initial . | . . . Average 16 | . 17 19 Influence Increases 436 | . 185 251 Destroy 0b10 Robot/C 280 | . 120 160 Destroy 0b10 Robot/NC 5 | . . 5 Destroy Leader 80 | . 30 50 Successful Hack 15 | . 5 10 Destroy Structure 11 | . . 11 Lose Combat Pursuer 45 | . 30 15 Influence Decreases 380 | . 183 197 Entered New Map 2 | . . 2 Time Decay 268 | . 163 105 Lost Part 110 | . 20 90 Squads Dispatched 3 | . 2 1 Investigation 2 | . 1 1 Extermination . | . . . Reinforcement 1 | . 1 . Assault . | . . . Garrison . | . . . Intercept . | . . . Searches Triggered . | . . . Construction Impeded . | . . . Haulers Reinforced . | . . . Active Scanning Responses . | . . . Cargo Convoy Interrupts . | . . . Stealth | -11 -10 -9 --------- Run | Yrd Mat Mat Distress Signals 2 | . 1 1 Communications Jammed . | . . . Distress Signals . | . . . Times Spotted 28 | . 15 13 Peak Tracking Total 6 | . 6 5 Tactical Retreats 2 | . 1 1 Traps | -11 -10 -9 ------- Run | Yrd Mat Mat Traps Triggered 2 | . 1 1 Indirectly . | . . . Trap Hack Attempts . | . . . Triggered . | . . . Disarmed . | . . . Reprogrammed . | . . . Reused . | . . . Traps Extracted . | . . . Installed . | . . . Triggered . | . . . Machines | -11 -10 -9 ---------- Run | Yrd Mat Mat Machines Disabled . | . . . Max in Single Turn . | . . . Machines Repaired . | . . . Machines Dismantled . | . . . Machines Sabotaged . | . . . Overloaded Fab Kills . | . . . Hacking | -11 -10 -9 --------- Run | Yrd Mat Mat Machines Accessed 3 | . 2 1 Terminals 3 | . 2 1 Fabricators . | . . . Repair Stations . | . . . Recycling Units . | . . . Scanalyzers . | . . . Garrison Access . | . . . Total Hacks 8 | . 7 1 Successful 6 | . 5 1 Failed 2 | . 2 . Catastrophic . | . . . Database Lockouts . | . . . Manual . | . . . Terminals 8 | . 7 1 Fabricators . | . . . Repair Stations . | . . . Recycling Units . | . . . Scanalyzers . | . . . Garrison Access . | . . . Terminal Hacks 6 | . 5 1 Record 3 | . 2 1 Prototype ID Bank 1 | . 1 . Alert Level 1 | . 1 . Zone Layout 1 | . 1 . Fabricator Hacks . | . . . Repair Station Hacks . | . . . Recycling Unit Hacks . | . . . Scanalyzer . | . . . Garrison Access Hacks . | . . . Unauthorized Hacks . | . . . Terminals . | . . . Fabricators . | . . . Repair Stations . | . . . Recycling Units . | . . . Scanalyzers . | . . . Garrison Access . | . . . Data Cores Recovered . | . . . Used . | . . . Hacking Detections 2 | . 2 . Full Trace Events . | . . . Feedback Events . | . . . Feedback Blocked . | . . . Robot Schematics Acquired . | . . . Robots Built . | . . . Authchips . | . . . Time . | . . . Total Robot Build Rating . | . . . Part Schematics Acquired . | . . . Parts Built . | . . . Authchips . | . . . Time . | . . . Total Part Build Rating . | . . . Part Studies Acquired . | . . . Parts Repaired . | . . . Time . | . . . Parts Recycled . | . . . Recycled Matter . | . . . Retrieved Matter . | . . . Retrieved Components . | . . . Parts Scanalyzed . | . . . Part Schematics Acquired . | . . . Parts Damaged . | . . . Bothacking | -11 -10 -9 ------------ Run | Yrd Mat Mat Used RIF Installer . | . . . Robots Hacked . | . . . Non-combat . | . . . Combat . | . . . Robot Hacks Applied . | . . . Relay Couplers Released . | . . . Fabnet Peak Effective % . | . . . Robots Rewired . | . . . Allies Hacked . | . . . Hacks Repelled . | . . . Allies | -11 -10 -9 -------- Run | Yrd Mat Mat Total Allies . | . . . Largest Group . | . . . Highest-Rated Group . | . . . Highest-Rated Ally . | . . . Total Orders . | . . . Ally Attacks . | . . . Total Damage . | . . . Kills . | . . . Allies Corrupted . | . . . Allies Melted . | . . . Intel | -11 -10 -9 ------- Run | Yrd Mat Mat Active Infowar (turns) 399 | . 290 109 Terrain 399 | . 290 109 Robot Analysis Total . | . . . Derelict Logs Recovered . | . . . Drone Launches . | . . . Drone Recoveries . | . . . Exploration | -11 -10 -9 ------------- Run | Yrd Mat Mat Turns Passed 973 | 118 517 338 Spaces Moved 508 | 75 272 161 Core 79 | 23 18 38 Treads 429 | 52 254 123 Legs . | . . . Wheels . | . . . Hover . | . . . Flight . | . . . Fastest Speed 50 | 50 150 100 Average Speed 154 | 130 159 157 Slowest Speed 250 | 200 160 250 Overloaded Moves . | . . . Propulsion Burnouts . | . . . Robots Hopped . | . . . Potential Cave-ins . | . . . Cave-ins Triggered . | . . . Exploration Rate (%) 19 | 5 38 16 Regions Visited 2 Branch Regions . Pre-discovered Areas . | . . . Known Exits Taken . | . . . Unknown Exits Taken 2 | 1 1 . Scrap Searched . | . . . Spaces Dug . | . . . Terrain Destroyed 10 | . . 10 Melee . | . . . Projectile . | . . . AOE 10 | . . 10 Terrain Rammed . | . . . Walls Destroyed . | . . . Machines Disabled . | . . . Actions | -11 -10 -9 --------- Run | Yrd Mat Mat Total 612 | 95 313 204 Wait 9 | 9 . . Move 506 | 74 271 161 Hop . | . . . Pick Up 17 | 6 6 5 Fast Attach . | . . . Attach 16 | 6 4 6 Detach . | . . . Swap . | . . . Drop . | . . . Fire 64 | . 32 32 Melee . | . . . Ram . | . . . Kick . | . . . Crush . | . . . Escape Stasis . | . . . Rewire . | . . . Trap . | . . . Miscellaneous . | . . . Route ------- -11/Scrapyard -10/Materials -9/Materials History --------- Turn | Location | Event 7 | -11/Scrapyard | Discovered new exit (range 15) 119 | -11/Scrapyard | Entered Materials 310 | -10/Materials | Build established: Mutant 485 | -10/Materials | Core integrity fell below 50% 509 | -10/Materials | Lost 4 parts (1p2n1w) 513 | -10/Materials | Discovered new exit (range 16) 636 | -10/Materials | Entered another Materials area 636 | -9/Materials | Evolved 2 slots: Propulsion x1, Utility x1 923 | -9/Materials | Lost 7 parts (1p2n1u3w) 942 | -9/Materials | Core integrity fell below 50% 974 | -9/Materials | Self-destructed Last Messages --------------- 00927_ U-05 Engineer lays Concrete. 00931_ U-05 Engineer builds a Wall. 00931_ K-01 Serf collects debris. 00932_ U-05 Engineer lays Concrete. 00932_ Beam Rifle destroyed. 00934_ U-05 Engineer lays Concrete. 00934_ K-01 Serf collects debris. 00935_ U-05 Engineer lays Concrete. 00935_ Lgt. Nuclear Core severed. 00935_ U-05 Engineer lays Concrete. 00936_ U-05 Engineer builds a Wall. 00937_ K-01 Serf collects debris. 00938_ U-05 Engineer builds a Wall. 00940_ U-05 Engineer lays Concrete. 00940_ K-01 Serf collects debris. 00942_ U-05 Engineer lays Concrete. 00948_ Acquired Shotgun. 00958_ L-31 Rogue destroyed. 00962_ Acquired 34 matter. 00969_ Shotgun destroyed. Map ----- +----------------------------------------------------+ | ?????????????????????????????????????????????????? | | ???????????????????????? ??????????????????????? | | ?????????????????????? ??????????????????????? | | ??????????????????? ?????#????????????????? | | ?????????????????# ???? #????????????????? | | ?????????????????# ??? #????????????????? | | ?????????????????# ?? #????????????????? | | ?????????????????# "?? #????????????????? | | ???????????????### ""? #??####??????????? | | ???????????????? ^ """ #?? ???????????? | | ?????????????????# #?T ""???????????? | | ?????????????????? # ""???????????? | | ???????????????????#### """ # "????????????? | | ??????????????####### # = """ / ??????????????? | | ??????????????? #[%* """ #???????????#????? | | ????????????????" ?## = #????????????????? | | ????????????????"" ! ## = %%! #???????????? ???? | | ???????????????""" # %%=[ #????????????????? | | ???????????????""" + u [*%%"""#????????????????? | | ??????????????""" ] # R"#????????????????? | | ????????????? ??# * """#??#??#????????#?? | | ????????????# ????# #????????????#?#?? | | ????????????? ??????+ g #?#??????????????? | | ?????????????????????###g#### ###############??? | | ?????????????????????# # #### | | ?????????????????????# @ # # | | ?????????????????????# """ # # " | | ?????????????????????# """ ############### + "" | | ?????????????????????#% """ #?????????????# # "" | | ?????????????????????#* #?????????????# # | | ?????????????????????########?????????????# #### | | ???????????????????????????????????#??????# | | ??????????????????????????????????????????# | | ??????????????????????????????????????????# | | ??????????????????????????????????????????######## | | ???????????????????????????????????????#?????##??# | | ??????????????????????????????????????????#?#?#??? | | ?????????????????????????????????????????????????? | | ???????????????????????????????????????????#?????? | | ????????????????????????????????????????????##???? | | ?????????????????????????????????????????????????? | | ?????????????????????????????????????????????????? | | ????????????????????????????????????????????????#? | | | | | | | | | | | | | | | +----------------------------------------------------+ Best States ------------- Heat Dissipation 28 Energy Generation 14 Energy Capacity 250 Matter Stores 300 Matter Capacity 300 Sight Range 16 Terrain Scan Range 14 Terrain Scan Density 10 Armor Coverage 150 Evasion (%) 50 Recoil Reduction 2 Item Schematics ----------------- None Robot Schematics ------------------ None Fabricated ------------ Nothing Repaired ---------- Nothing Studied --------- None Alien Tech Used ----------------- None Achievements -------------- None Challenges ------------ None Game ------ Seed PlasmaJammingBeacon Manual? 0 Play Time 00:09:52 Cumulative 3.0 hours Start 2026.01.02 @ 16:17:47 End 2026.01.02 @ 16:24:52 Sessions 1 Manual Loads 0 Difficulty Rogue Special Mode None Game No. 13 Rogue 13 Adventurer 0 Explorer 0 Win Type - Total 0 Types 0/0/0/0/0/0/0/0/0/0 Lore% 3 Gallery% 6 Achievement% 6 Wizard Run 0 Options --------- Layout 0 ASCII 0 Keyboard 1 Movement Arrows Keybinds 0 Fullscreen 2 Font 24/Smallcaps Map View 38x28 Zoom Use 12% Tactical HUD 1 Map Filters NONE Filters NONE Steam 1 RUN: 7fd445e2-3057-417c-9f62-c7382c7e3bee